 Dungeon Crawl Stone Soup version 0.23.2-30-g0e89c35649 (webtiles) character file.

Game seed: 16234212488638862172

2195 Folque the Sneak (level 9, -23/87 HPs)
             Began as an Octopode Wizard on June 18, 2019.
             Annihilated by Harold
             ... wielding a +0 battleaxe
              (27 damage)
             ... on level 7 of the Dungeon.
             The game lasted 00:38:16 (7063 turns).

Folque the Sneak (Octopode Wizard)                  Turns: 7063, Time: 00:38:17

Health: -23/87     AC:  2    Str: 11    XL:     9   Next: 34%
Magic:  8/17       EV:  7    Int: 24    God:
Gold:   329        SH:  0    Dex: 10    Spells: 3/19 levels left

rFire    x . .     SeeInvis .   u - +2 short sword (freeze)
rCold    . . .     Gourm    .   (no shield)
rNeg     . . .     Faith    .   a - +1 hat
rPois    .         Spirit   .   (no amulet)
rElec    .         Reflect  .   (no ring)
rCorr    .         Harm     .   (no ring)
MR       .....                  (no ring)
Stlth    ..........             (no ring)
HPRegen  0.24/turn              (no ring)
MPRegen  0.15/turn              (no ring)
                                (no ring)
                                (no ring)

@: berserking, marked, fire vulnerable, very slightly contaminated, held, very
quick
A: almost no armour, stealthy swim, amphibious, 8 rings, constrict 8, camouflage
1, gelatinous body 1
a: no special abilities


You were on level 7 of the Dungeon.
You were hungry.

You visited 1 branch of the dungeon, and saw 7 of its levels.
You also visited: Sewer.

You collected 329 gold pieces.

Inventory:

Hand Weapons
 j - a +0 short sword
 n - a +1 dagger of venom
 u - a +2 short sword of freezing (weapon)
Missiles
 b - 18 sling bullets
 r - 7 javelins (quivered)
 t - a throwing net
Armour
 a - a +1 hat (worn)
 f - a +0 buckler
Magical Staves
 w - an uncursed staff of cold {unknown}
Jewellery
 h - an uncursed ring of magical power {unknown}
 i - a cursed amulet of faith {unknown}
 q - a +2 ring of intelligence {unknown}
 y - an uncursed ring of protection from fire
 H - an uncursed amulet of regeneration {unknown}
Wands
 p - a wand of enslavement (4)
 F - a wand of flame (9)
Scrolls
 d - a scroll of noise {unknown}
 e - 3 scrolls of enchant armour
 k - 2 scrolls of amnesia
 l - 4 scrolls of remove curse
 o - 10 scrolls of identify
 s - 2 scrolls of teleportation
 v - a scroll of fog {unknown}
 x - a scroll of magic mapping
 z - 2 scrolls of immolation {unknown}
 A - 2 scrolls of blinking {unknown}
Potions
 g - a potion of lignification {unknown}
 m - a potion of degeneration {unknown}
 C - a potion of flight {unknown}
 D - a potion of berserk rage
 E - a potion of mutation {unknown}
 G - a potion of haste {unknown}
Comestibles
 c - 11 rations
 I - 4 chunks of flesh


   Skills:
 - Level 4.1 Fighting
 - Level 1.7 Throwing
 - Level 2.0 Dodging
 - Level 6.4 Stealth
 * Level 3.2 Shields
 + Level 5.9 Spellcasting
 - Level 6.1 Conjurations
 - Level 3.0 Summonings
 - Level 1.0 Translocations
 * Level 2.6 Fire Magic
 - Level 1.0 Air Magic
 - Level 2.1 Poison Magic


You had 3 spell levels left.
You knew the following spells:

 Your Spells              Type           Power        Failure   Level  Hunger
a - Magic Dart            Conj           ####         1%          1    None
b - Call Imp              Summ           ###.....     3%          2    None
c - Blink                 Tloc           N/A          8%          2    None
d - Mephitic Cloud        Conj/Pois/Air  ###.....     7%          3    #......
e - Conjure Flame         Conj/Fire      ####....     4%          3    #......
f - Fireball              Conj/Fire      ####......   36%         5    #####..

Your spell library contained the following spells:

 Spells                   Type           Power        Failure   Level  Hunger
 Flame Tongue             Conj/Fire      ####.        1%          1    None
 Throw Flame              Conj/Fire      ####..       1%          2    None
 Summon Small Mammal      Summ           ###.         2%          1    None
 Apportation              Tloc           ##....       5%          1    None
 Dazzling Spray           Conj/Hex       ###...       7%          3    #......
 Animate Skeleton         Necr           N/A          9%          1    None
 Confusing Touch          Hex            #.....       9%          1    None
 Corona                   Hex            #......      9%          1    None
 Ensorcelled Hibernation  Hex/Ice        #.....       12%         2    None
 Slow                     Hex            #.......     12%         2    None
 Inner Flame              Hex/Fire       ##......     14%         3    #......
 Confuse                  Hex            #.......     24%         3    #......
 Tukima's Dance           Hex            #.......     24%         3    #......
 Sticky Flame             Conj/Fire      ####....     13%         4    ###....


Dungeon Overview and Level Annotations

Branches:
Dungeon (7/15)
 Temple: D:4-7

Altars:
Dithmenos
Fedhas
Ru
The Shining One

Shops:
D:6 ?

Annotations:
D:4 Menkaure
D:6 2 transporters, myga's ghost, novice OgBe
D:7 Harold


Innate Abilities, Weirdness & Mutations

You cannot wear most types of armour.
You are very stealthy in the water. (Stealth+)
You are amphibious.
You can wear up to eight rings at the same time.
You can use your tentacles to constrict eight enemies at once.
Your skin changes colour to match your surroundings (Stealth+).
Your rubbery body absorbs attacks. (AC +1, EV +1)


Message History

Press: ? - help, Shift-Dir - straight line, f - Harold
Aim: Harold, wielding a +0 battleaxe and wearing a +0 scale mail You miscast Mephitic Cloud.
Strange energies run through your body.
You struggle against the net.
Harold is engulfed in blazing flames.
Harold hits you with a +0 battleaxe!!
* * * LOW HITPOINT WARNING * * *
You struggle against the net.
You feel much better.
Harold is engulfed in blazing flames.
Harold hits you with a +0 battleaxe!!
* * * LOW HITPOINT WARNING * * *
It was a potion of berserk rage.
A red film seems to cover your vision as you go berserk!
You feel yourself moving faster!
You feel mighty!
Harold is engulfed in blazing flames.
Harold casts a spell at you. A sentinel's mark forms upon you.
You struggle against the net.
You feel a strong urge to attack something.
Harold is engulfed in blazing flames.
Harold hits you with a +0 battleaxe!!
You die...

# ..$. ### .. ...
... .. ..#####.##
.. ......... .###.
#....#.#
......##.#.##.###
#.........Y#....
#.....##.#@#..#
#.... #.#@#..###..
#..( #....(.....(
..............###..
...####......## .
...#.##### #.#..#
#.#..# . .... .
.#.#


You could see Harold and an ice beast.

Vanquished Creatures
  Pikel (D:6)
  Eustachio (D:4)
  Edmund (D:4)
  A phantom (D:3)
  A sky beast (D:5)
  2 ogres (D:5)
  4 slaves (D:6)
  A centaur (D:6)
  4 big kobolds (Sewer)
  A scorpion (D:6)
  3 hounds
  5 orc priests
  An orc wizard (D:4)
  3 worker ants
  A hound skeleton (D:5)
  A gnoll (D:2)
  6 adders
  3 river rats (Sewer)
  3 oozes
  An adder skeleton (D:3)
  4 worms
  A dart slug (D:1)
  6 leopard geckos
  19 orcs
  3 bats
  4 giant cockroaches
  12 hobgoblins
  15 jackals
  6 quokkas
  9 ball pythons
  7 frilled lizards
  13 goblins
  2 goblin zombies (D:5)
  4 kobolds
  An orc skeleton (D:5)
  A quokka skeleton (D:4)
  14 rats
  3 plants (D:2)
168 creatures vanquished.

Vanquished Creatures (collateral kills)
  A big kobold (Sewer)
  A howler monkey (D:4)
  A bullfrog zombie (D:6)
  An orc priest (D:4)
  4 orc wizards
  An iron imp (D:5)
  Ijyb (D:3)
  A hound skeleton (D:4)
  3 adders
  A gnoll (D:2)
  2 worms
  9 orcs
  A giant cockroach (D:3)
  A jackal (D:5)
  A bat (D:3)
  2 frilled lizards (D:3)
  A goblin zombie (D:5)
  A hobgoblin zombie (D:5)
  An orc skeleton (D:5)
34 creatures vanquished.

Vanquished Creatures (others)
  An orc wizard (D:4)
1 creature vanquished.

Grand Total: 203 creatures vanquished

Notes
Turn   | Place    | Note
-------+----------+-------------------------------------------
     0 | D:1      | Folque the Octopode Wizard began the quest for the Orb.
     0 | D:1      | Reached XP level 1. HP: 11/11 MP: 4/4
    91 | D:1      | Reached skill level 1 in Fighting
    91 | D:1      | Reached XP level 2. HP: 9/18 MP: 4/6
   498 | D:1      | Learned a level 2 spell: Call Imp
   501 | D:1      | Learned a level 2 spell: Blink
   754 | D:1      | Reached XP level 3. HP: 22/24 MP: 7/7
   876 | D:1      | Learned a level 3 spell: Mephitic Cloud
  1211 | D:2      | Reached skill level 1 in Poison Magic
  1223 | D:2      | Found a blossoming altar of Fedhas.
  1236 | D:2      | Reached XP level 4. HP: 16/29 MP: 5/9
  2135 | D:3      | Noticed Ijyb
  2151 | D:3      | Killed Ijyb
  2213 | D:3      | Reached XP level 5. HP: 6/34 MP: 3/10
  2307 | D:3      | Reached skill level 1 in Air Magic
  2676 | D:3      | Noticed a phantom
  2681 | D:3      | Found a shadowy altar of Dithmenos.
  2767 | D:3      | Found a glowing drain.
  2771 | Sewer    | Entered a sewer
  3085 | Sewer    | Noticed a big kobold
  3085 | Sewer    | Noticed a big kobold
  3122 | Sewer    | Killed a big kobold
  3122 | Sewer    | Reached XP level 6. HP: 22/39 MP: 1/12
  3344 | Sewer    | Reached skill level 5 in Stealth
  3363 | Sewer    | Reached XP level 7. HP: 23/45 MP: 10/13
  4191 | D:4      | Noticed Edmund
  4540 | D:4      | Killed Edmund
  4540 | D:4      | Reached XP level 8. HP: 20/50 MP: 10/15
  4607 | D:4      | Noticed Eustachio
  4653 | D:4      | Killed Eustachio
  4653 | D:4      | Reached skill level 5 in Spellcasting
  4855 | D:4      | Reached skill level 5 in Conjurations
  5091 | D:4      | Noticed Menkaure
  5427 | D:5      | Entered Level 5 of the Dungeon
  5461 | D:5      | Found a glowing golden altar of the Shining One.
  6126 | D:5      | Found a sacrificial altar of Ru.
  6332 | D:5      | Reached skill level 1 in Throwing
  6334 | D:5      | Reached skill level 1 in Shields
  6490 | D:6      | Reached XP level 9. HP: 40/58 MP: 3/17
  6512 | D:6      | Learned a level 3 spell: Conjure Flame
  6639 | D:6      | Noticed Pikel
  6661 | D:6      | Reached skill level 1 in Fire Magic
  6836 | D:6      | Found a transporter.
  6840 | D:6      | Noticed myga's ghost (novice OgBe)
  6882 | D:6      | Killed Pikel
  6889 | D:6      | Learned a level 5 spell: Fireball
  6973 | D:6      | Found Odijed's Magic Scroll Emporium.
  7019 | D:6      | Found a transporter.
  7045 | D:7      | Noticed Harold
  7061 | D:7      | HP: 2/58 [Harold/+0 battleaxe (21)]
  7063 | D:7      | Annihilated by Harold

Skill      XL: |  1  2  3  4  5  6  7  8  9 |
---------------+----------------------------+-----
Fighting       | 1 2 4 |  4.1
Poison Magic   | 1 2 |  2.1
Conjurations   | 2 4 6 |  6.1
Air Magic      | 1 |  1.0
Summonings     | 2 3 |  3.0
Stealth        | 3 5 6 |  6.4
Spellcasting   | 4 5 |  5.9
Throwing       | 1 |  1.7
Shields        | 1 3 |  3.2
Fire Magic     | 2 |  2.6
Dodging        | |  2.0
Translocations | |  1.0

Action                   |  1- 3 |  4- 6 |  7- 9 || total
-------------------------+-------+-------+-------++-------
Melee: Unarmed           |    36 |       |       ||    36
       Constrict         |    19 |    28 |    61 ||   108
       Tentacles         |    16 |    26 |    28 ||    70
       Short sword       |    63 |   175 |   256 ||   494
Throw: Javelin           |       |     1 |     5 ||     6
       Throwing net      |       |     1 |     1 ||     2
 Cast: Magic Dart        |    15 |    45 |    39 ||    99
       Call Imp          |     3 |    28 |    40 ||    71
       Blink             |       |     1 |     7 ||     8
       Mephitic Cloud    |       |       |    13 ||    13
       Conjure Flame     |       |       |     4 ||     4
  Use: Scroll            |       |     4 |     2 ||     6
       Potion            |       |       |     7 ||     7
 Stab: Sleeping          |     7 |     9 |    11 ||    27
       Confused          |       |       |     6 ||     6
  Eat: Chunk             |     1 |     8 |    12 ||    21
Armor: Skin              |     6 |    12 |    26 ||    44
Dodge: Dodged            |    60 |    77 |   160 ||   297
